 Dungeon Crawl Stone Soup version 0.29-a0-892-g2c4c91d9db (webtiles) character file.

Game seed: 2960809066469120757

46 Decritt the Shield-Bearer (level 3, -3/24 HPs)
             Began as a Gargoyle Fighter on July 23, 2022.
             Killed by an exploding butterfly (27 damage)
             ... ignited by their inner flame
             ... on level 3 of the Dungeon.
             The game lasted 00:02:37 (1699 turns).

Decritt the Shield-Bearer (Gargoyle Fighter)        Turns: 1699, Time: 00:02:38

Health: -3/24      AC: 10    Str: 21    XL:     3   Next: 66%
Magic:  3/3        EV:  9    Int:  8    God:
Gold:   83         SH:  4    Dex: 12    Spells: 2/2 levels left

rFire   . . .      SeeInvis .   p - +9 dagger "Puwusk" {drain, Dex+3}
rCold   . . .      Faith    .   c - +0 buckler
rNeg    + . .      Spirit   .   b - +0 scale mail
rPois   ∞          Reflect  .   (no helmet)
rElec   +          Harm     .   (no cloak)
rCorr   .          Rampage  .   (no gloves)
Will    .....                   (no boots)
Stlth   ..........              (no amulet)
HPRegen 0.08/turn               (no ring)
MPRegen 0.08/turn               (no ring)

@: no status effects
A: sickness immunity, AC +3, negative energy resistance 1, electricity
resistance, torment resistance 1, petrification resistance
a: no special abilities


You were on level 3 of the Dungeon.
You visited 1 branch of the dungeon, and saw 3 of its levels.

You collected 83 gold pieces.

Inventory:

Hand Weapons
 a - a +0 flail
 n - a +0 whip
 p - the +9 dagger "Puwusk" (weapon) {drain, Dex+3}
   (You found it on level 3 of the Dungeon)

   A truly terrible weapon, it drains the life of any living foe it strikes.
   Dex:       It affects your dexterity (+3).
Armour
 b - a +0 scale mail (worn)
 c - a +0 buckler (worn)
Scrolls
 f - a scroll of poison
 h - a scroll of teleportation {unknown}
Potions
 d - 3 potions of might
 i - a potion of degeneration {unknown}
 k - a potion of curing {unknown}
 l - a potion of lignification {unknown}
 o - 2 potions of attraction


   Skills:
 + Level 3.7 Fighting
 + Level 2.5 Maces & Flails
 + Level 3.8 Armour
 + Level 3.8 Shields


You had 2 spell levels left.
You didn't know any spells.
Your spell library contained the following spells:

 Spells                   Type           Power      Damage    Failure   Level
 Beastly Appendage        Tmut           0%         N/A       83%         1
 Necrotise                Necr           0%         1d4       83%         1
 Wereblood                Tmut           0%         N/A       92%         2
 Spider Form              Tmut/Pois      0%         N/A       99%         3
 Vampiric Draining        Necr           0%         2d6       99%         3
 Agony                    Necr           0%         N/A       100%        5


Dungeon Overview and Level Annotations

Branches:
Dungeon (3/15)

Altars:

Shops:
D:3 *


Innate Abilities, Weirdness & Mutations

You are immune to sickness and miasma.
Your stone body is resilient. (AC +3)
You are immune to poison.
You resist negative energy. (rN+)
You are resistant to electric shocks. (rElec)
You are resistant to unholy torment.
You are immune to petrification.


Message History

Found an escape hatch in the ceiling.
There is an entrance to Jogg's Assorted Antiques here.
There is a stone staircase leading up here.
Found an amethyst potion and 11 gold pieces.
You see here the +9 dagger "Puwusk" {drain, Dex+3}.
You feel agile.
You sense an unholy aura.
p - the +9 dagger "Puwusk" (weapon)
{drain, Dex+3}
o - 2 amethyst potions (gained 1)
You now have 83 gold pieces (gained 11).
The air fills with toxic fumes!
As you read the scroll labelled REUPRU HEIFEJU, it crumbles to dust.
It was a scroll of poison.
As you read the scroll labelled ETAADO IMOST, it crumbles to dust.
You assume a fearsome visage.
Nothing appears to happen.
It was a scroll of fear.
As you read the scroll labelled ILOXTADDOI, it crumbles to dust.
It is a scroll of identify.
o - 2 potions of attraction
As you read the scroll labelled SEYLA PUIGU, it crumbles to dust.
You hear the tinkle of a tiny bell.
It was a scroll of butterflies.
As you read the scroll labelled SEYNUA CIOWIME, it crumbles to dust.
The creatures around you are filled with an inner flame!
It was a scroll of immolation.
Your butterfly is engulfed in poison gas.
Your butterfly is poisoned.
Your butterfly disappears in a burst of colours!
Your butterfly explodes!
The fiery explosion engulfs your butterfly!!
Your butterfly disappears in a burst of colours!
The fiery explosion engulfs your butterfly!!
Your butterfly disappears in a burst of colours!
The fiery explosion engulfs your butterfly!
Your butterfly disappears in a burst of colours!
The fiery explosion engulfs your butterfly!!
Your butterfly disappears in a burst of colours!
Your butterfly explodes!
The fiery explosion engulfs you!!
Ouch! That really hurt!
You die...

################
#.....§§§§§§§§§§§#
##.....§§§§§§§§§b§# .
......§§§§§§§@§b§#
.###.....§§§§§bbbbb§#
.##..######§§§b§bbb§####
.##..######§§§§§§§§§§§..
.....##.<§§§§§#######+##
#...∩...##§§§§#
####....<§§#§.#
###..######§## ###..##..
...


There were no monsters in sight!

Vanquished Creatures
  2 dart slugs (D:1)
  2 bats (D:1)
  4 endoplasms
  A giant cockroach (D:2)
  5 goblins
  3 hobgoblins
  4 jackals
  3 quokkas
  5 ball pythons
  2 frilled lizards (D:1)
  2 kobolds (D:1)
  5 rats
38 creatures vanquished.

Vanquished Creatures (others)
  A plant (D:1)
1 creature vanquished.

Grand Total: 39 creatures vanquished

Notes
Turn   | Place    | Note
-------+----------+-------------------------------------------
     0 | D:1      | Decritt the Gargoyle Fighter began the quest for the Orb.
     0 | D:1      | Reached XP level 1. HP: 14/14 MP: 1/1
   135 | D:1      | Reached XP level 2. HP: 19/19 MP: 2/2
   504 | D:1      | Reached XP level 3. HP: 23/23 MP: 3/3
   618 | D:1      | Found a faded altar of an unknown god.
  1671 | D:3      | Found Jogg's Assorted Antiques.
  1685 | D:3      | Identified the +9 dagger "Puwusk" {drain, Dex+3}
  1699 | D:3      | Killed by an exploding butterfly... ignited by their inner
                  | flame

Illustrated notes

Levels and vault maps discovered:
D:1:      sevenhm_arrival_forest_fort_large_4, layout_rooms,
          shapermc_ecumenical_altar_ellora
D:2:      layout_loops_corners
D:3:      layout_basic, grunt_gozag_statues, serial_shops, nicolae_square_shop,
          kennysheep_generic_room_16, uniq_sigmund, uniq_natasha, uniq_robin

Action                   || total
-------------------------++-------
Melee: Flail             ||    96
       Whip              ||     6
  Use: Scroll            ||     5
Armor: Scale mail        ||    55
Dodge: Dodged            ||    41
Block: Buckler           ||    20

Table legend: (Time is in decaauts)
 A = Elapsed time spent in this place.
 B = Non-inter-level travel time spent in this place.
 C = Inter-level travel time spent in this place.
 D = Time resting spent in this place.
 E = Time spent auto-exploring this place.
 F = Levels seen in this place.
 G = Mean time per level.
                   A        B        C        D        E       F      G
               +--------+--------+--------+--------+--------+-----+--------+
         Total |   1729 |   1676 |     53 |      0 |   1395 |   3 |  576.3 |
       Dungeon |   1729 |   1676 |     53 |      0 |   1395 |   3 |  576.3 |
               +--------+--------+--------+--------+--------+-----+--------+

Top non-repeatable levels by time:
     D:1: 893 daAuts
     D:2: 808 daAuts
     D:3: 27 daAuts
